 Dungeon Crawl Stone Soup version 0.28-a0-1038-g9c4cb8273d (webtiles) character file.

Game seed: 3158511530535515646

32060 yoda5477 the Carver (level 13, 0/106 HPs)
             Began as a Demonspawn Fighter on Dec 8, 2021.
             Was a Priest of Wu Jian.
             Slain by a wyvern (8 damage)
             ... on level 6 of the Lair of Beasts.
             The game lasted 01:03:57 (18592 turns).

yoda5477 the Carver (Demonspawn Fighter)           Turns: 18592, Time: 01:03:57

Health: 0/106      AC: 20    Str: 28    XL:     13   Next: 29%
Magic:  13/13      EV:  8    Int:  9    God:    Wu Jian [***...]
Gold:   918        SH: 11    Dex: 13    Spells: 12/12 levels left

rFire   . . .      SeeInvis .   Y - +3 scimitar (flame)
rCold   . . .      Faith    .   c - +0 buckler
rNeg    . . .      Spirit   .   i - +0 plate armour
rPois   +          Reflect  .   (helmet restricted)
rElec   .          Harm     .   b - +2 cloak
rCorr   .          Rampage  .   (no gloves)
Will    +....                   z - +0 pair of boots
Stlth   ..........              M - amulet of the acrobat
HPRegen 0.27/turn               r - +6 ring of strength
MPRegen 0.13/turn               Z - ring "Nuxu" {rPois Will+}

@: no status effects
A: horns 1, large bone plates 2, demonic guardian 1, foul stench 2
a: Renounce Religion, Wall Jump, Serpent's Lash


You were on level 6 of the Lair of Beasts.
You worshipped Wu Jian.
Wu Jian was most pleased with you.
You visited 3 branches of the dungeon, and saw 18 of its levels.
You also visited: Ossuary.

You collected 918 gold pieces.

Inventory:

Hand Weapons
 B - a +0 hunting sling
 X - the +8 long sword "Cyapraco" {drain, Fragile rC+ Will++ Str+6}
   (You found it on level 9 of the Dungeon)

   A truly terrible weapon, it drains the life of any living foe it strikes.
   Str:       It affects your strength (+6).
   rC:        It protects you from cold.
   Fragile:   It will be destroyed if unequipped.
   Will:      It greatly increases your willpower.
 Y - a +3 scimitar of flaming (weapon)
Missiles
 e - 159 arrows
 q - 87 sling bullets
 t - 12 poisoned darts (quivered)
 y - 39 bolts
Armour
 b - a +2 cloak (worn)
 c - a +0 buckler (worn)
 i - a +0 plate armour (worn)
 z - a +0 pair of boots (worn)
Magical Staves
 N - a staff of conjuration
Jewellery
 r - a +6 ring of strength (left hand)
 L - a +4 ring of protection
 M - an amulet of the acrobat (around neck)
 Z - the ring "Nuxu" (right hand) {rPois Will+}
   (You found it on level 9 of the Dungeon)

   [ring of poison resistance]

   rPois:     It protects you from poison.
   Will:      It increases your willpower.
Wands
 a - a wand of mindburst (20)
 f - a wand of charming (8)
 g - a wand of acid (4)
 w - a wand of polymorph (13)
 x - a wand of iceblast (33)
 O - a wand of paralysis (10)
 R - a wand of flame (23)
 T - a wand of digging (6)
Scrolls
 l - 2 scrolls of fear {unknown}
 m - a scroll of enchant weapon {unknown}
 u - 6 scrolls of teleportation
 v - a scroll of blinking {unknown}
 E - a scroll of acquirement {unknown}
 G - 2 scrolls of vulnerability {unknown}
 H - a scroll of magic mapping
 J - a scroll of holy word {unknown}
 K - a scroll of brand weapon {unknown}
 P - 3 scrolls of amnesia {unknown}
 S - 2 scrolls of noise {unknown}
 V - 2 scrolls of torment {unknown}
 W - 2 scrolls of fog
Potions
 d - 5 potions of might
 h - 4 potions of ambrosia
 j - a potion of heal wounds
 k - 2 potions of magic
 n - 4 potions of lignification
 o - 6 potions of haste
 p - 6 potions of attraction
 s - 3 potions of resistance
 C - 5 potions of curing
 D - a potion of cancellation {unknown}
 F - 2 potions of mutation
 I - a potion of berserk rage {unknown}
 Q - a potion of invisibility {unknown}


   Skills:
 + Level 11.3 Fighting
 - Level 14.0 Long Blades
 - Level 0.3 Throwing
 + Level 11.5 Armour
 + Level 6.4 Shields


You had 12 spell levels left.
You didn't know any spells.
Your spell library contained the following spells:

 Spells                   Type           Power      Damage    Failure   Level
 Slow                     Hex            0%         N/A       97%         1
 Summon Small Mammal      Summ           0%         N/A       97%         1
 Call Canine Familiar     Summ           0%         N/A       100%        3
 Confusing Touch          Hex            0%         N/A       100%        3
 Summon Guardian Golem    Hex/Summ       0%         N/A       100%        3
 Leda's Liquefaction      Hex/Erth       0%         N/A       100%        4
 Alistair's Intoxication  Tmut/Pois      0%         N/A       100%        5
 Borgnjor's Vile Clutch   Necr/Erth      0%         N/A       100%        5
 Lee's Rapid Deconstruct  Erth           0%         3d5*      100%        5
 Yara's Violent Unravell  Hex/Tmut       0%         3d3       100%        5
 Conjure Ball Lightning   Conj/Air       0%         3x3d6     100%        6
 Eringya's Noxious Bog    Tmut/Pois      0%         N/A       100%        6
 Statue Form              Tmut/Erth      0%         N/A       100%        6
 Discord                  Hex            0%         N/A       100%        8
 Disjunction              Tloc           0%         N/A       100%        8


Dungeon Overview and Level Annotations

Branches:
Dungeon (11/15)            Temple (1/1) D:5            Lair (5/6) D:10
  Swamp (0/4) Lair:3       Spider (0/4) Lair:4          Orc (0/2) D:10
Ossuary (visited)
  Slime: Lair:5-6

Altars:
Ashenzari
Cheibriados
Dithmenos
Elyvilon
Fedhas
Gozag
Hepliaklqana
Kikubaaqudgha
Makhleb
Nemelex Xobeh
Okawaru
Qazlal
Ru
Sif Muna
Trog
Uskayaw
Vehumet
Wu Jian
Xom
Yredelemnul
Zin
The Shining One

Shops:
D:6 *   D:11 (

Annotations:
D:3 exclusion: 2 downstairs
D:5 3 runed translucent doors, exclusion: 3 doors, Strung101's ghost, amateur DrTm; sanka's ghost, amateur PaFi
Lair:5 exclusions: electric eel and 1 more exclusion


Innate Abilities, Weirdness & Mutations

You have a pair of small horns on your head.
You are mostly covered in large bone plates. (SH +6)
A weak demonic guardian rushes to your aid.
You sometimes emit foul miasma when damaged in melee.


Message History

The polar bear is almost dead.
You slash the polar bear! You burn the polar bear.
You kill the polar bear!
The Council accepts your kill.
You spin and attack the yak repeatedly.
You slice the yak!! You burn the yak! You headbutt the yak.
The yak is almost dead.
You barely miss the yak.
The yak is almost dead.
The wolf closely misses you. The yak gores you but does no damage.
You lunge at the komodo dragon, in a flurry of attacks.
You barely miss the komodo dragon. You slash the komodo dragon!
You burn the komodo dragon.
The komodo dragon is heavily wounded.
You spin and attack the yak.
You closely miss the yak. You headbutt the yak.
The yak is almost dead.
You spin and attack the wolf.
You completely miss the wolf. Your headbutt misses the wolf.
The wolf is heavily wounded.
You block the wolf's attack. The water moccasin barely misses you.
The yak gores you.
You emit a cloud of foul miasma!
The wyvern closely misses you. You block the wolf's attack.
The komodo dragon bites you!! The yak gores you but does no damage.
The water moccasin bites you.
* * * LOW HITPOINT WARNING * * *
Okay, then.
Okay, then.
You feel much better. You block the wolf's attack.
You block the wyvern's attack. The boulder beetle bites you!
The blink frog blinks!
The yak is engulfed in dark miasma.
The yak is poisoned.
The yak seems to slow down.
You block the yak's attack. The water moccasin closely misses you.
The cane toad stings you! The komodo dragon bites you!!
* * * LOW HITPOINT WARNING * * *
A demonic guardian appears!
The yak gores you!
* * * LOW HITPOINT WARNING * * *
The wolf closely misses you.
As you read the scroll of summoning, it crumbles to dust.
Wisps of shadow whirl around you... The wyvern bites you!
You die...

..............#
................
........P.......#
................# #
.P..............#.#
#...............#
F##.....#Sl.....#
......##4Shl....#
........F§Y@Y....##
..........#lBFl....#
..^........Y.......##
.......F............#
...........†.......##
...................#
...................#
............†...####
#................##


You could see a boulder beetle, 2 komodo dragons, 3 yaks, a cane toad, 2 blink
frogs, a water moccasin, a wyvern, a wolf (ally target), a friendly rust devil
(summoned), a friendly black mamba (summoned) and a friendly wyvern (summoned).

Vanquished Creatures
  3 hydras
  Erica (D:9)
  A two-headed ogre (D:8)
  Nergalle (D:11)
  Urug (D:10)
  2 bog bodies (Lair:3)
  Pikel (D:4)
  Maurice (D:9)
  3 elephants (Lair:4)
  3 black mambas
  9 cane toads
  A kobold demonologist (D:10)
  2 torpor snails
  2 rime drakes
  7 komodo dragons
  2 polar bears
  22 blink frogs
  3 dream sheep (Lair:4)
  A spriggan (D:7)
  A redback (Lair:4)
  2 wraiths (Ossuary)
  28 yaks
  Grum (D:9)
  4 wyverns
  Eustachio (D:6)
  3 basilisks
  4 vampire mosquitoes (D:10)
  A steam dragon (Lair:2)
  2 wargs (D:10)
  12 water moccasins
  An ice beast (D:7)
  3 orc warriors
  4 black bears
  3 sky beasts
  4 ogres
  13 wolves
  A centaur (D:5)
  A lemure (D:4)
  A kobold brigand (D:9)
  8 bullfrogs
  A wyvern zombie (D:9)
  2 scorpions
  A wyvern skeleton (D:7)
  15 wights
  3 howler monkeys (D:7)
  3 centaur zombies
  2 hounds (D:6)
  4 orc priests
  2 bullfrog skeletons
  A gnoll shaman (D:7)
  A scorpion zombie (D:5)
  Natasha (thrice) (D:2 D:4)
  An orc wizard (D:10)
  A killer bee zombie (D:6)
  A hound zombie (D:5)
  A howler monkey zombie (D:10)
  13 gnolls
  A white imp (D:5)
  An adder skeleton (D:4)
  3 adder zombies (Ossuary)
  10 dart slugs
  A worm (D:3)
  16 orcs
  6 ball pythons
  4 endoplasms
  2 giant cockroaches
  8 hobgoblins
  9 jackals
  4 quokkas
  A ball python skeleton (Ossuary)
  7 bats
  A frilled lizard (D:2)
  2 goblins
  2 hobgoblin zombies (Ossuary)
  9 kobolds
  A kobold zombie (Ossuary)
  An orc skeleton (Ossuary)
  An orc zombie (Ossuary)
  2 rats
311 creatures vanquished.

Vanquished Creatures (collateral kills)
  A cane toad (Lair:2)
  A yak (Lair:4)
  An orc priest (D:5)
  An iguana (D:4)
  An endoplasm (D:1)
5 creatures vanquished.

Vanquished Creatures (others)
  A bush (Lair:5)
  22 fungi
  46 plants
  5 withered plants (D:5)
74 creatures vanquished.

Grand Total: 390 creatures vanquished

Notes
Turn   | Place    | Note
-------+----------+-------------------------------------------
     0 | D:1      | yoda5477 the Demonspawn Fighter began the quest for the
                  | Orb.
     0 | D:1      | Reached XP level 1. HP: 18/18 MP: 1/1
   161 | D:1      | Reached skill level 2 in Long Blades
   245 | D:1      | You fall into a shaft and drop 1 floor!
   390 | D:1      | Gained mutation: A weak demonic guardian rushes to your
                  | aid. [demonic ancestry]
   390 | D:1      | Reached XP level 2. HP: 24/24 MP: 2/2
   439 | D:1      | Found a faded altar of an unknown god.
  1026 | D:2      | Found a blossoming altar of Fedhas.
  1028 | D:2      | Reached XP level 3. HP: 29/29 MP: 3/3
  1411 | D:2      | Noticed Natasha
  1421 | D:2      | Killed Natasha
  1422 | D:2      | Reached skill level 3 in Long Blades
  1577 | D:2      | Noticed Natasha
  1595 | D:2      | Killed Natasha
  1596 | D:2      | Gained mutation: You are partially covered in large bone
                  | plates. (SH +4) [demonic ancestry]
  1596 | D:2      | Reached XP level 4. HP: 32/35 MP: 4/4
  1642 | D:2      | Noticed Natasha
  2321 | D:3      | Found a snail-covered altar of Cheibriados.
  2484 | D:3      | Found a basalt altar of Yredelemnul.
  2742 | D:3      | Reached skill level 4 in Long Blades
  3069 | D:4      | Noticed Pikel
  3069 | D:4      | Noticed a lemure
  3069 | D:4      | Noticed a lemure
  3069 | D:4      | Noticed a lemure
  3069 | D:4      | Noticed a lemure
  3171 | D:4      | Reached XP level 5. HP: 29/41 MP: 5/5
  3282 | D:4      | Killed Natasha
  4094 | D:4      | Reached skill level 5 in Long Blades
  4176 | D:5      | Entered Level 5 of the Dungeon
  4176 | D:5      | Noticed an ogre
  4211 | D:3      | Killed an ogre
  4212 | D:3      | Gained mutation: You may rarely emit foul miasma when
                  | damaged in melee. [demonic ancestry]
  4212 | D:3      | Reached XP level 6. HP: 47/47 MP: 6/6
  4270 | D:4      | Found an opulent altar of Gozag.
  4354 | D:5      | Found a runed translucent gate.
  4354 | D:5      | Found a runed translucent gate.
  4354 | D:5      | Found a runed translucent gate.
  4358 | D:5      | Noticed Strung101's ghost (amateur DrTm)
  4358 | D:5      | Noticed sanka's ghost (amateur PaFi)
  4442 | D:5      | Found a sand-covered staircase.
  4448 | Ossuary  | Entered an ossuary
  4609 | Ossuary  | Noticed a wraith
  4609 | Ossuary  | Noticed a flying skull
  4623 | Ossuary  | Noticed a flying skull
  4652 | Ossuary  | Noticed a flying skull
  4653 | Ossuary  | Noticed a wraith
  4665 | Ossuary  | Killed a wraith
  4666 | Ossuary  | Reached skill level 6 in Long Blades
  4666 | Ossuary  | Gained mutation: You have a pair of small horns on your
                  | head. [demonic ancestry]
  4666 | Ossuary  | Reached XP level 7. HP: 34/52 MP: 7/7
  4914 | Ossuary  | Noticed a wraith
  4921 | Ossuary  | Killed a wraith
  4922 | Ossuary  | Reached skill level 7 in Long Blades
  5060 | D:5      | Reached skill level 8 in Long Blades
  5060 | D:5      | Reached XP level 8. HP: 33/58 MP: 8/8
  5286 | D:4      | Killed Pikel
  5287 | D:4      | Reached skill level 9 in Long Blades
  5720 | D:6      | Noticed Eustachio
  6170 | D:5      | Found a staircase to the Ecumenical Temple.
  6176 | Temple   | Entered the Ecumenical Temple
  6262 | Temple   | Became a worshipper of the Wu Jian Council
  6588 | D:6      | Reached skill level 10 in Long Blades
  6632 | D:6      | Reached XP level 9. HP: 63/63 MP: 9/9
  6646 | D:6      | Killed Eustachio
  6782 | D:6      | Found Azont's Assorted Antiques.
  7486 | D:7      | Reached skill level 11 in Long Blades
  7793 | D:7      | Found a burning altar of Makhleb.
  8073 | D:8      | Reached * piety under Wu Jian
  8162 | D:8      | Noticed a two-headed ogre
  8180 | D:8      | Killed a two-headed ogre
  8181 | D:8      | Reached skill level 5 in Shields
  8428 | D:8      | Found a shimmering blue altar of Sif Muna.
  8715 | D:8      | Reached XP level 10. HP: 46/70 MP: 10/10
  8802 | D:8      | Reached skill level 12 in Long Blades
  9432 | D:9      | Identified the +8 long sword "Cyapraco" {drain, Fragile rC+
                  | Will++ Str+6}
  9437 | D:9      | Noticed Erica
  9457 | D:9      | Killed Erica
  9458 | D:9      | Reached skill level 5 in Armour
 10010 | D:9      | Identified the ring "Nuxu" {rPois Will+}
 10028 | D:9      | Found a stormy altar of Qazlal.
 10030 | D:9      | Found a shimmering altar of Xom.
 10102 | D:9      | Noticed Maurice
 10107 | D:9      | Killed Maurice
 10235 | D:9      | Noticed Grum
 10242 | D:9      | Killed Grum
 10393 | D:10     | Entered Level 10 of the Dungeon
 10563 | D:10     | Found a staircase to the Orcish Mines.
 10579 | D:10     | Reached skill level 13 in Long Blades
 10689 | D:10     | Found an iron altar of Okawaru.
 10777 | D:10     | Found a broken altar of Ashenzari.
 10871 | D:10     | Found a staircase to the Lair.
 10936 | D:10     | Noticed Nergalle
 10974 | D:11     | Found Esiehevu's Antique Weapon Shoppe.
 11146 | D:11     | Killed Nergalle
 11378 | D:10     | Found a sparkling altar of Nemelex Xobeh.
 11437 | D:10     | Noticed Urug
 11441 | D:10     | Paralysed by Urug for 4 turns
 11454 | D:10     | Paralysed by Urug for 2 turns
 11459 | D:10     | Killed Urug
 11460 | D:10     | Gained mutation: You sometimes emit foul miasma when
                  | damaged in melee. [demonic ancestry]
 11460 | D:10     | Reached XP level 11. HP: 20/78 MP: 11/11
 12084 | Lair:1   | Entered Level 1 of the Lair of Beasts
 12182 | Lair:1   | Reached skill level 5 in Fighting
 12345 | Lair:1   | Reached skill level 14 in Long Blades
 12456 | Lair:1   | Noticed a five-headed hydra
 12470 | Lair:1   | Killed a one-headed hydra
 12591 | Lair:2   | Noticed a five-headed hydra
 12645 | Lair:1   | Reached ** piety under Wu Jian
 13222 | Lair:2   | Killed a one-headed hydra
 13590 | Lair:2   | Gained mutation: You are mostly covered in large bone
                  | plates. (SH +6) [demonic ancestry]
 13590 | Lair:2   | Reached XP level 12. HP: 92/92 MP: 12/12
 13905 | Lair:3   | Found a staircase to the Swamp.
 14483 | Lair:2   | Noticed a four-headed hydra
 16163 | Lair:3   | Reached skill level 10 in Armour
 16610 | Lair:3   | Reached skill level 10 in Fighting
 17132 | Lair:4   | Reached *** piety under Wu Jian
 17455 | Lair:4   | Reached XP level 13. HP: 51/104 MP: 13/13
 18067 | Lair:4   | Found a hole to the Spider Nest.
 18569 | Lair:5   | You fall into a shaft and drop 1 floor!
 18569 | Lair:6   | Entered Level 6 of the Lair of Beasts
 18592 | Lair:6   | Slain by a wyvern

Illustrated notes

Levels and vault maps discovered:
D:1:      amcnicky_arrival_underground_garden, layout_rooms,
          shapermc_ecumenical_altar_ellora
D:2:      layout_basic, basic_altar, serial_corexii_hall,
          corexii_hall_statues_u, corexii_hall_statues_t,
          corexii_hall_statues_t, uniq_natasha
D:3:      layout_loops_cross, lemuel_doored_altar, cheibrodos_worm_habitat,
          kennysheep_generic_room_14
D:4:      kennysheep_slugbush, layout_gridville, kennysheep_mini, uniq_pikel
D:5:      layout_basic, temple_fountains, nicolae_ossuary_entry_plus,
          gammafunk_ghost_cemetery
D:6:      layout_rooms, serial_shops, nicolae_shop_behind_doors, uniq_eustachio
D:7:      layout_loops_cross, lemuel_round_altar, the_hattery
D:8:      layout_gridville, mainiacjoe_overflow_alcove_2
D:9:      layout_irregular_city, minitemple, chequers_serial_rivers_micro_a,
          uniq_maurice, uniq_erica, uniq_grum
D:10:     layout_basic, mainiacjoe_overflow_catch_the_wave,
          nicolae_elyvilon_peaceful_grove, amcnicky_altar_gilded,
          erik_lair_orcish_takeover, uniq_urug, uniq_nergalle
D:11:     layout_irregular_city, serial_shops, nicolae_stop_n_shop_1,
          hangedman_misty_isle
Temple:   minmay_temple_curvy_loop
Lair:1:   layout_regular_city, chequers_serial_rivers_micro_b
Lair:2:   layout_chaotic_city, gauntlet_entry_generic, st_stairs_3,
          nzn_random_ring, grunt_megastairs_4, lemuel_fruit_tree
Lair:3:   layout_layer_cave, skrybe_swamp_entry_bodies
Lair:4:   layout_cave_pods, spider_nest_entry_a, infiniplex_staircase_pool
Lair:5:   layout_small_grid, nicolae_lair_grazing_beasts
          [nicolae_sub_lair_graze_edge, nicolae_sub_lair_graze_edge,
          nicolae_sub_lair_graze_edge, nicolae_sub_lair_graze_edge]
Lair:6:   evil_forest, layout_gridlike, nicolae_slime_entry_slimehenge,
          minivault_11, grunt_megastairs_1

Skill      XL: |  1  2  3  4  5  6  7  8  9 10 11 12 13 |
---------------+----------------------------------------+-----
Long Blades    | 2 3 4 5 6 8 10 11 13 14 | 14.0
Shields        | 3 4 5 6 |  6.4
Armour         | 3 4 5 8 10 11 | 11.5
Fighting       | 4 8 10 11 | 11.3
Throwing       | |  0.3

Action                   |  1- 3 |  4- 6 |  7- 9 | 10-12 | 13-15 || total
-------------------------+-------+-------+-------+-------+-------++-------
Melee: Long sword        |    91 |   190 |    10 |       |       ||   291
       Scimitar          |       |       |   219 |   618 |   144 ||   981
       Headbutt          |       |       |    50 |   159 |    31 ||   240
       Falchion          |       |       |    14 |    36 |       ||    50
Throw: Dart              |       |     8 |    20 |     9 |       ||    37
Invok: Lunge             |       |       |    11 |    43 |    14 ||    68
       Whirlwind         |       |       |     2 |   260 |    66 ||   328
  Use: Scroll            |     2 |     4 |     3 |     5 |     1 ||    15
       Potion            |       |       |       |       |     1 ||     1
Armor: Scale mail        |    35 |    67 |    66 |     6 |       ||   174
       Plate armour      |       |       |       |   171 |    40 ||   211
Dodge: Dodged            |    50 |    64 |    53 |    86 |    41 ||   294
Block: Buckler           |    19 |    81 |    72 |   184 |    53 ||   409

Table legend: (Time is in decaauts)
 A = Elapsed time spent in this place.
 B = Non-inter-level travel time spent in this place.
 C = Inter-level travel time spent in this place.
 D = Time resting spent in this place.
 E = Time spent auto-exploring this place.
 F = Levels seen in this place.
 G = Mean time per level.
                   A        B        C        D        E       F      G
               +--------+--------+--------+--------+--------+-----+--------+
         Total |  18696 |  17996 |    700 |   5535 |   8198 |  19 |  984.0 |
       Dungeon |  11421 |  10879 |    542 |   2911 |   5221 |  11 | 1038.3 |
        Temple |    220 |    197 |     23 |      0 |    188 |   1 |  220.0 |
          Lair |   6490 |   6355 |    135 |   2402 |   2738 |   6 | 1081.7 |
       Ossuary |    564 |    564 |      0 |    222 |     51 |   1 |  564.0 |
               +--------+--------+--------+--------+--------+-----+--------+

Top non-repeatable levels by time:
  Lair:2: 1877 daAuts
  Lair:3: 1579 daAuts
  Lair:4: 1549 daAuts
     D:3: 1411 daAuts
  Lair:1: 1340 daAuts
     D:2: 1319 daAuts
    D:10: 1297 daAuts
     D:4: 1271 daAuts
     D:9: 1246 daAuts
     D:8: 1208 daAuts
     D:5: 970 daAuts
     D:7: 906 daAuts
     D:1: 888 daAuts
     D:6: 610 daAuts
 Ossuary: 564 daAuts
